 Dungeon Crawl Stone Soup version 0.30-a0-414-gcb316572d5 (webtiles) character file.

Game seed: 5477119588928179529

389 cforsyth the Chopper (level 6, -6/58 HPs)
             Began as a Hill Orc Monk on Dec 7, 2022.
             Was a Believer of Beogh.
             Splashed by a jelly's acid (8 damage)
             ... on level 5 of the Dungeon.
             The game lasted 00:08:31 (4358 turns).

cforsyth the Chopper (Hill Orc Monk)                Turns: 4358, Time: 00:08:32

Health: -6/58      AC: -14   Str: 16    XL:     6   Next: 79%
Magic:  6/6        EV: 11    Int: 10    God:    Beogh [**....]
Gold:   194        SH:  0    Dex: 13    Spells: 5/5 levels left

rFire   . . .      SeeInvis .    q - +0 war axe
rCold   . . .      Faith    .    (no shield)
rNeg    . . .      Spirit   .    k - +0 ring mail {rPois}
rPois   +          Reflect  .    m - +0 helmet
rElec   .          Harm     .    (no cloak)
rCorr   .          Rampage  .    (no gloves)
Will    +....                    (no boots)
Stlth   +.........               (no amulet)
HPRegen 0.29/turn                r - ring of willpower
MPRegen 0.10/turn                (no ring)

@: corroded
A: no striking features
a: Renounce Religion, Smiting


You were on level 5 of the Dungeon.
You worshipped Beogh.
Beogh was pleased with you.
You visited 1 branch of the dungeon, and saw 5 of its levels.

You collected 194 gold pieces.

Inventory:

Hand Weapons
 q - a +0 war axe (weapon)
Armour
 k - a +0 ring mail of poison resistance (worn)
 m - a +0 helmet (worn)
Jewellery
 r - a ring of willpower (left hand)
Wands
 a - a wand of light (9)
Scrolls
 b - a scroll of fog
 e - 4 scrolls of teleportation
 h - 2 scrolls of amnesia
 j - a scroll of fear
 l - a scroll of silence
 o - a scroll of magic mapping
 s - a scroll of vulnerability {unknown}
Potions
 c - a potion of ambrosia
 d - a potion of mutation
 f - 3 potions of curing
 g - a potion of resistance {unknown}
 i - a potion of heal wounds
 n - 2 potions of might
 p - a potion of attraction {unknown}
 t - a potion of haste {unknown}


   Skills:
 + Level 6.6 Fighting
 + Level 7.2 Axes
 - Level 2.6 Dodging
 - Level 2.0 Stealth


You had 5 spell levels left.
You didn't know any spells.
Your spell library contained the following spells:

 Spells                   Type           Power      Damage    Failure   Level
 Shock                    Conj/Air       0%         1d3       58%         1
 Call Canine Familiar     Summ           0%         N/A       91%         3
 Portal Projectile        Hex/Tloc       0%         N/A       91%         3
 Swiftness                Air            0%         N/A       91%         3
 Airstrike                Air            0%         2d(0-16)  100%        4
 Leda's Liquefaction      Hex/Erth       0%         N/A       100%        4


Dungeon Overview and Level Annotations

Branches:
Dungeon (5/15)             Temple (0/1) D:4

Altars:
Ashenzari
Elyvilon
Hepliaklqana
Makhleb
Yredelemnul

Shops:
D:3 [

Annotations:
D:3 1 transporter, 1 runed translucent door, Bediveer's ghost, amateur BaHs


Message History

No target in view!
No target in view!
No target in view!
No target in view!
No target in view!
No target in view!
There is a stone staircase leading up here.
There is a stone staircase leading up here.
A jelly comes into view.
The jelly quivers.
You hit the jelly. The acid corrodes you!
Your hands burn!
The jelly is moderately wounded.
The jelly hits you. The acid corrodes you!
You are splashed with acid!
You hit the jelly.
Your hands burn!
The jelly is moderately wounded.
The jelly hits you. The acid corrodes you!
You are splashed with acid!
You hit the jelly but do no damage.
Your hands burn!
The jelly is moderately wounded.
The jelly misses you.
You hit the jelly but do no damage. The acid corrodes you!
Your hands burn!
The jelly is moderately wounded.
The jelly hits you.
You are splashed with acid!
You are too injured to fight recklessly!
You are too injured to fight recklessly!
You are too injured to fight recklessly!
You are too injured to fight recklessly!
You are too injured to fight recklessly!
You are too injured to fight recklessly!
You are too injured to fight recklessly!
You hit the jelly but do no damage.
Your hands burn!
* * * LOW HITPOINT WARNING * * *
The jelly is moderately wounded.
The jelly hits you.
* * * LOW HITPOINT WARNING * * *
The acid corrodes you!
You are splashed with acid!
* * * LOW HITPOINT WARNING * * *
The jelly hits you.
* * * LOW HITPOINT WARNING * * *
The acid corrodes you!
You are splashed with acid!
You die...

###############
#..<..........#
#.#####.#####.#########
#.#####........@J.....#
#.##.......#..#######.#
#.##.##..#....#
#.##.##.......#
#........###.##
####.###.....#
#......#######
#.......# #.##.#..#


You could see a jelly.

Vanquished Creatures
  A howler monkey (D:3)
  2 jellies
  Natasha (twice) (D:2)
  2 orc wizards
  3 gnolls (D:2)
  7 adders
  3 worms
  2 dart slugs (D:1)
  10 orcs
  8 bats
  7 endoplasms
  3 giant cockroaches (D:1)
  5 goblins
  5 hobgoblins
  4 jackals
  7 kobolds
  3 quokkas
  2 ball pythons
  4 frilled lizards
  6 rats
86 creatures vanquished.

Vanquished Creatures (others)
  An orc priest (D:3)
  A shadow imp (D:3)
  3 orcs (D:3)
  A jackal (D:3)
  5 plants (D:3)
11 creatures vanquished.

Grand Total: 97 creatures vanquished

Notes
Turn   | Place    | Note
-------+----------+-------------------------------------------
     0 | D:1      | cforsyth the Hill Orc Monk began the quest for the Orb.
     0 | D:1      | Reached XP level 1. HP: 19/19 MP: 1/1
    58 | D:1      | Reached XP level 2. HP: 18/27 MP: 2/2
   451 | D:1      | Reached XP level 3. HP: 23/33 MP: 3/3
   958 | D:2      | Noticed Natasha
   974 | D:2      | Killed Natasha
   975 | D:2      | Reached skill level 5 in Axes
   975 | D:2      | Reached XP level 4. HP: 15/41 MP: 4/4
  1282 | D:2      | Noticed Natasha
  1321 | D:2      | Killed Natasha
  1322 | D:2      | Reached skill level 5 in Fighting
  1322 | D:2      | Reached XP level 5. HP: 13/48 MP: 5/5
  1928 | D:2      | Reached skill level 6 in Axes
  2229 | D:3      | Reached XP level 6. HP: 24/57 MP: 6/6
  2547 | D:3      | Noticed a kobold demonologist
  2550 | D:3      | Found a transporter.
  2647 | D:3      | Found Keycs's Antique Armour Shoppe.
  2670 | D:3      | Found a transporter.
  2678 | D:3      | Found a white marble altar of Elyvilon.
  2739 | D:3      | Found a runed translucent door.
  2740 | D:3      | Noticed Bediveer's ghost (amateur BaHs)
  2820 | D:3      | Became a worshipper of Beogh the Brigand
  2820 | D:3      | Reached * piety under Beogh
  2820 | D:3      | Reached ** piety under Beogh
  2829 | D:3      | Noticed an orange demon
  3409 | D:4      | Found a basalt altar of Yredelemnul.
  3444 | D:4      | Found a burning altar of Makhleb.
  3445 | D:4      | Found a hazy altar of Hepliaklqana.
  3533 | D:4      | Found a broken altar of Ashenzari.
  3759 | D:4      | Found a staircase to the Ecumenical Temple.
  3766 | D:4      | Reached skill level 7 in Axes
  4242 | D:5      | Entered Level 5 of the Dungeon
  4358 | D:5      | HP: 2/58 [jelly (3)]
  4358 | D:5      | Splashed by a jelly's acid

Illustrated notes

Levels and vault maps discovered:
D:1:      minmay_arrival_jagged, layout_basic, hangedman_decor_clover_reticule,
          st_stairs_12
D:2:      layout_basic, uniq_natasha
D:3:      gammafunk_wand_slinger, layout_basic, nicolae_elyvilon_peaceful_grove,
          serial_shops, nicolae_square_shop, ebering_ghost_reflecting_pool
D:4:      layout_basic, lemuel_crystal_altar, lemuel_doored_altar,
          nicolae_overflow_squiral, minmay_temple_entry_nine_rooms,
          feat_on_display
D:5:      layout_loops_cross, nicolae_qazlal_scattered_showers,
          mainiacjoe_overflow_24_doors, fiery_altar_vehumet, serial_shops,
          nicolae_take_the_stairs, uniq_blork_the_orc, uniq_prince_ribbit1

Skill      XL: |  1  2  3  4  5  6 |
---------------+-------------------+-----
Fighting       | 4 5 6 |  6.6
Stealth        | 2 |  2.0
Axes           | 5 6 7 |  7.2
Dodging        | |  2.6

Action                   |  1- 3 |  4- 6 || total
-------------------------+-------+-------++-------
Melee: Hand axe          |   122 |   165 ||   287
       Punch             |     1 |       ||     1
       War axe           |       |    64 ||    64
Invok: Smiting           |       |     1 ||     1
       Convert to Beogh  |       |     1 ||     1
  Use: Scroll            |       |    11 ||    11
 Stab: Sleeping          |     1 |       ||     1
Armor: Robe              |    22 |     3 ||    25
       Ring mail         |       |    90 ||    90
Dodge: Dodged            |    99 |   162 ||   261

Table legend: (Time is in decaauts)
 A = Elapsed time spent in this place.
 B = Non-inter-level travel time spent in this place.
 C = Inter-level travel time spent in this place.
 D = Time resting spent in this place.
 E = Time spent auto-exploring this place.
 F = Levels seen in this place.
 G = Mean time per level.
                   A        B        C        D        E       F      G
               +--------+--------+--------+--------+--------+-----+--------+
         Total |   4382 |   4109 |    273 |     56 |   3209 |   5 |  876.4 |
       Dungeon |   4382 |   4109 |    273 |     56 |   3209 |   5 |  876.4 |
               +--------+--------+--------+--------+--------+-----+--------+

Top non-repeatable levels by time:
     D:3: 1238 daAuts
     D:2: 1233 daAuts
     D:4: 903 daAuts
     D:1: 889 daAuts
     D:5: 116 daAuts
